AoeStats
← Iguano Pop

Arabia

506586779Analyzed
1v1 RM · 18d ago on Sep 14, 2026· 37m 38s· 2 players
Game mode
Random Map
Map size
Tiny (2 player)
Population
200
Speed
Normal
Resources
Standard
Victory
Conquest
Starting age
Dark Age
Ending age
Imperial Age
RankedLock teamsTeams togetherTeam positionsShared explorationLock speedFull tech treeHidden civsTurbo modeCheats
Victory
Defeat
🇲🇽 Shu · Mexico
1258
+18
🇲🇽 Chinese · Mexico
1305
-18
Iguano Pop
0:26 Loom
10:41 Feudal Age
14:55 Town Watch
15:09 Double-Bit Axe
18:27 Fletching
21:53 Padded Archer Armor
30:10 Castle Age
30:52 Bodkin Arrow
30:20 Crossbowman
38:17 Ballistics
alvarojas01
6:33 Loom
9:20 Feudal Age
9:26 Man-at-Arms
15:48 Fletching
15:59 Padded Archer Armor
17:49 Wheelbarrow
22:27 Castle Age
21:03 Gold Mining
22:03 Double-Bit Axe
22:50 Horse Collar
22:41 Crossbowman
23:44 Bodkin Arrow
24:48 Leather Archer Armor
26:38 Hand Cart
27:00 Gold Shaft Mining
26:37 Bow Saw
27:59 Thumb Ring
28:50 Ballistics
28:06 Light Cavalry
29:00 Scale Barding Armor
29:38 Husbandry
33:58 Chain Barding Armor
37:27 Imperial Age
35:33 Forging
Connection lost

Rejoining the realm…

Still unreachable

The connection could not be restored.

Session expired

The server has moved on; the page needs a fresh start.